 Dungeon Crawl Stone Soup version 0.27-a0-12-g5dcdf963e0 (webtiles) character file.

Game seed: 1932684686889162720

1263 Makratea the Shield-Bearer (level 8, -1/70 HPs)
             Began as a Minotaur Fighter on Jan 2, 2021.
             Slain by an orc warrior
             ... wielding a +0 glaive
              (10 damage)
             ... on level 6 of the Dungeon.
             The game lasted 00:11:20 (4698 turns).

Makratea the Shield-Bearer (Minotaur Fighter)       Turns: 4698, Time: 00:11:20

Health: -1/70      AC: 18    Str: 22    XL:     8   Next: 27%
Magic:  7/7        EV:  8    Int:  5    God:
Gold:   780        SH: 11    Dex: 17    Spells: 7/7 levels left

rFire    . . .     SeeInvis .   g - +3 short sword (holy)
rCold    . . .     Faith    .   c - +0 kite shield
rNeg     . . .     Spirit   .   x - +1 chain mail
rPois    .         Reflect  .   (helmet restricted)
rElec    .         Harm     .   A - +0 cloak
rCorr    .         Rampage  .   w - +0 pair of gloves (curse)
Will     .....                  j - +0 pair of boots
Stlth    ..........             (no amulet)
HPRegen  0.21/turn              k - +4 ring of protection
MPRegen  0.10/turn              r - +6 ring of dexterity

@: mighty, about to teleport
A: retaliatory headbutt, horns 2
a: no special abilities


You were on level 6 of the Dungeon.
You visited 1 branch of the dungeon, and saw 6 of its levels.

You collected 780 gold pieces.

Inventory:

Hand Weapons
 a - a +0 long sword
 f - a +0 mace
 g - a +3 short sword of holy wrath (weapon)
 h - a +0 halberd
 q - a +0 halberd
 u - a +0 hand axe
 E - a +0 falchion
 F - a +0 hand axe
 G - a +0 shortbow
 I - a +0 mace
 K - a +0 dagger
Missiles
 e - 139 stones (quivered)
 s - 12 sling bullets
 v - 52 arrows
 D - 14 poisoned darts
Armour
 b - a +0 scale mail
 c - a +0 kite shield (worn)
 j - a +0 pair of boots (worn)
 m - a +0 pair of gloves
 w - a cursed +0 pair of gloves (worn)
 x - a +1 chain mail (worn)
 A - a +0 cloak (worn)
 H - a +0 plate armour
 J - a +0 scale mail
 L - a +0 robe
Jewellery
 i - an uncursed ring of protection from cold
 k - a +4 ring of protection (left hand)
 r - a +6 ring of dexterity (right hand)
 C - an uncursed amulet of faith
Wands
 z - a wand of acid (10)
Scrolls
 n - 2 scrolls of enchant weapon
 o - a scroll of teleportation
 t - a scroll of magic mapping
 y - 2 scrolls of remove curse
 B - a scroll of immolation
Potions
 l - a potion of haste


   Skills:
 + Level 5.8 Fighting
 + Level 6.6(6.9) Short Blades
 + Level 2.9(5.5) Long Blades
 + Level 5.6 Armour
 + Level 2.5 Dodging
 + Level 0.4 Stealth
 + Level 6.9 Shields


You had 7 spell levels left.
You didn't know any spells.
Your spell library was empty.

Dungeon Overview and Level Annotations

Branches:
Dungeon (6/15)             Temple (0/1) D:5

Altars:


Innate Abilities, Weirdness & Mutations

You reflexively headbutt those who attack you in melee.
You have a pair of horns on your head.


Message History

You headbutt the orc warrior, but do no damage.
You hit the orc warrior but do no damage.
The orc warrior hits you with a +0 glaive!
* * * LOW HITPOINT WARNING * * *
You hit the orc warrior but do no damage.
You hit the orc warrior but do no damage.
Your headbutt misses the orc warrior.
The orc warrior hits you with a +0 glaive.
* * * LOW HITPOINT WARNING * * *
You puncture the orc warrior! Your headbutt misses the orc warrior.
The orc warrior is moderately wounded.
The orc warrior hits you but does no damage.
You feel very mighty all of a sudden.
As you read the scroll of enchant armour, it crumbles to dust.
Your +0 chain mail glows green for a moment.
The orc warrior hits you but does no damage.
As you read the scroll of teleportation, it crumbles to dust.
You feel strangely unstable.
The orc warrior hits you with a +0 glaive!
You die...

......# +......#....# ......#
.......#......#....# ......#
.......#......[....# ......#
......#......#.)..# ......#
.....#......#....# #....##
######...#......##'###
#....####...##...#..........#
............#....#.....<....#
............#..(@o..........#
............#...)#..........#
............#....#..........#
............#....#..........#
+##....##.####..##..........##
#....##.####..######.......#
...............# #.......#
................# #.......#
.................# #.......#


You could see an orc warrior.

Vanquished Creatures
  An orc warrior (D:6)
  2 sky beasts (D:6)
  An ice beast (D:5)
  An ogre (D:4)
  A centaur (D:6)
  A scorpion (D:5)
  A jelly (D:6)
  3 hounds
  An orc priest (D:6)
  3 orc wizards (D:6)
  A centaur skeleton (D:4)
  An iguana (D:4)
  Natasha (D:4)
  3 worker ants
  A hound zombie (D:5)
  3 hound skeletons (D:4)
  A howler monkey zombie (D:5)
  7 adders
  4 gnolls (D:5)
  A shadow imp (D:5)
  A white imp (D:5)
  An ufetubus (D:4)
  An ooze (D:4)
  An adder zombie (D:6)
  3 adder skeletons
  3 worms
  5 dart slugs
  9 leopard geckos
  8 orcs
  7 bats
  2 giant cockroaches
  6 goblins
  6 hobgoblins
  7 jackals
  A quokka (D:4)
  A ball python (D:1)
  7 frilled lizards
  9 kobolds
  A leopard gecko zombie (D:5)
  6 rats
123 creatures vanquished.

Notes
Turn   | Place    | Note
-------+----------+-------------------------------------------
     0 | D:1      | Makratea the Minotaur Fighter began the quest for the Orb.
     0 | D:1      | Reached XP level 1. HP: 19/19 MP: 0/0
    38 | D:1      | Reached XP level 2. HP: 12/27 MP: 1/1
   370 | D:1      | Reached XP level 3. HP: 32/33 MP: 2/2
  1051 | D:2      | Reached skill level 1 in Short Blades
  1051 | D:2      | Reached XP level 4. HP: 37/41 MP: 3/3
  1899 | D:3      | Reached skill level 1 in Dodging
  2495 | D:4      | Reached XP level 5. HP: 47/47 MP: 4/4
  2637 | D:4      | Reached skill level 5 in Fighting
  2704 | D:4      | Noticed Natasha
  2709 | D:4      | Killed Natasha
  2710 | D:4      | Reached XP level 6. HP: 52/56 MP: 5/5
  2958 | D:4      | Reached skill level 5 in Shields
  3211 | D:5      | Entered Level 5 of the Dungeon
  3237 | D:5      | Reached XP level 7. HP: 60/61 MP: 6/6
  3328 | D:5      | Found a staircase to the Ecumenical Temple.
  3680 | D:5      | Reached skill level 5 in Short Blades
  4212 | D:6      | Reached skill level 5 in Armour
  4219 | D:6      | Reached XP level 8. HP: 48/70 MP: 7/7
  4698 | D:6      | Slain by an orc warrior

Illustrated notes

Levels and vault maps discovered:
D:1:      minmay_arrival_up_and_down, layout_rooms, amcnicky_mini_pool_small
D:2:      layout_loops_cross, minmay_hexomino_u4
D:3:      layout_basic, lemuel_coloured_pillars_altar,
          chequers_decorated_corner, minmay_crystal_room
D:4:      minmay_polygon_palace, layout_basic, uniq_natasha
D:5:      layout_loops_ring, minmay_temple_entry_drinking_statues,
          kennysheep_generic_room_12
D:6:      layout_gridville, uniq_maggie

Skill      XL: |  1  2  3  4  5  6  7 |
---------------+----------------------+-----
Shields        | 4 5 6 |  6.9
Armour         | 4 5 |  5.6
Fighting       | 4 5 |  5.8
Short Blades   | 1 2 3 4 6 |  6.6
Dodging        | 1 2 |  2.5
Long Blades    | |  2.9
Stealth        | |  0.4

Action                   |  1- 3 |  4- 6 |  7- 9 || total
-------------------------+-------+-------+-------++-------
Melee: Long sword        |    22 |       |       ||    22
       Headbutt          |    13 |    27 |    27 ||    67
       Short sword       |    60 |   141 |   110 ||   311
  Use: Scroll            |     2 |     5 |     6 ||    13
       Potion            |       |     6 |     1 ||     7
Armor: Scale mail        |    64 |    60 |    13 ||   137
       Chain mail        |       |       |    39 ||    39
Dodge: Dodged            |    33 |    39 |    16 ||    88
Block: Kite shield       |    74 |    74 |    69 ||   217
       Rpst.: Long sword |     1 |       |       ||     1

Table legend: (Time is in decaauts)
 A = Elapsed time spent in this place.
 B = Non-inter-level travel time spent in this place.
 C = Inter-level travel time spent in this place.
 D = Time resting spent in this place.
 E = Time spent auto-exploring this place.
 F = Levels seen in this place.
 G = Mean time per level.
                   A        B        C        D        E       F      G
               +--------+--------+--------+--------+--------+-----+--------+
         Total |   4686 |   4686 |      0 |    385 |   2886 |   6 |  781.0 |
       Dungeon |   4686 |   4686 |      0 |    385 |   2886 |   6 |  781.0 |
               +--------+--------+--------+--------+--------+-----+--------+

Top non-repeatable levels by time:
     D:3: 947 daAuts
     D:1: 869 daAuts
     D:5: 776 daAuts
     D:4: 757 daAuts
     D:6: 695 daAuts
     D:2: 640 daAuts
